 Dungeon Crawl Stone Soup version 0.31-a0-188-g5e087ee2ca (webtiles) character file.

Game seed: 15117876822701758344

476 qw the Skirmisher (level 6, -4/35 HPs)
             Began as a Deep Elf Hunter on June 23, 2023.
             Slain by a gnoll bouda
             ... wielding a +0 club
              (7 damage)
             ... on level 5 of the Dungeon.
             The game lasted 00:01:06 (3274 turns).

qw the Skirmisher (Deep Elf Hunter)                 Turns: 3274, Time: 00:01:06

Health: -4/35      AC:  8    Str: 10    XL:     6   Next: 85%
Magic:  8/8        EV: 12    Int: 14    God:
Gold:   206        SH:  0    Dex: 18    Spells: 5/5 levels left

rFire   . . .        Y - +3 shortbow
rCold   + . .        (shield currently unavailable)
rNeg    . . .        c - +2 ring mail {rC+}
rPois   .            (no helmet)
rElec   .            e - +0 cloak
rCorr   .            (no gloves)
SInv    .            (no boots)
Will    .....        (no amulet)
Stlth   +            (no ring)
HPRegen 0.25/turn    (no ring)
MPRegen 0.11/turn

%: no passive effects
@: about to teleport
A: no striking features
a: no special abilities


You were on level 5 of the Dungeon.
You visited 1 branch of the dungeon, and saw 5 of its levels.

You collected 254 gold pieces.
You spent 48 gold pieces at shops.


   Skills:
 - Level 2.0 Fighting
 - Level 10.0 Ranged Weapons
 + Level 0.2 Armour
 - Level 4.1 Dodging
 - Level 1.2 Stealth


You had 5 spell levels left.
You didn't know any spells.
Your spell library was empty.

Inventory:

Hand Weapons
 Y - a +3 shortbow (weapon)
Armour
 c - a +2 ring mail of cold resistance (worn)
 e - a +0 cloak (worn)
Scrolls
 b - a scroll of teleportation
 f - a scroll of identify
Potions
 a - a potion of heal wounds
 d - 2 potions of resistance
 g - a potion of might
 h - a potion of haste {unknown}
 j - a potion of mutation

Dungeon Overview and Level Annotations

Branches:
Dungeon (5/15)
 Temple: D:4-7

Altars:

Shops:
D:1 *   D:4 (

Annotations:
D:3 1 runed translucent door, Crazy Yiuf


Message History

You shoot an arrow. The arrow hits the gnoll bouda.
The gnoll bouda is moderately wounded.
The gnoll bouda barks out a call to the hunt!
The gnolls pick up the pace!
The gnoll hits you with a +0 flail.
You shoot an arrow. The arrow hits the gnoll bouda.
The gnoll bouda is moderately wounded.
The gnoll hits you with a +0 flail.
The gnoll bouda hits you with a +0 club.
The gnoll hits you from afar with a +0 spear.
You shoot an arrow.
The arrow hits the gnoll bouda but does no damage.
The gnoll bouda is moderately wounded.
The gnoll closely misses you. The gnoll bouda completely misses you.
The gnoll hits you but does no damage.
You shoot an arrow.
The arrow barely misses the gnoll bouda.
The gnoll closely misses you.
The gnoll bouda hits you with a +0 club.
The gnoll completely misses you.
You shoot an arrow.
The arrow barely misses the gnoll bouda.
The gnoll hits you from afar with a +0 spear.
The gnoll barely misses you.
The gnoll bouda hits you with a +0 club.
You shoot an arrow.
The arrow hits the gnoll bouda but does no damage.
The gnoll bouda is moderately wounded.
The gnoll bouda misses you. The gnoll hits you but does no damage.
The gnoll closely misses you.
You shoot an arrow.
The arrow hits the gnoll bouda but does no damage.
The gnoll bouda is moderately wounded.
The gnoll hits you with a +0 flail! The gnoll hits you but does no damage.
3274 ||| READING 2 scrolls of teleportation.
As you read the scroll of teleportation, it crumbles to dust.
You feel strangely unstable.
The gnoll hits you from afar with a +0 spear.
The gnoll bouda hits you with a +0 club!
You die...

#..# #...#
##...#
##.....
###...>.###
......#...#
..........#
........@g#
..<..>.g.##
.......g##
##.......
|........g
..#........
.
###..##..g
..# ....
... #g###


You could see a gnoll bouda and 2 gnolls.

Vanquished Creatures
  A black bear (D:5)
  An ogre (D:4)
  A hound (D:4)
  An orc priest (D:4)
  A jelly (D:4)
  4 gnolls
  4 adders
  A shadow imp (D:5)
  A white imp (D:5)
  3 worms
  A dart slug (D:2)
  13 orcs
  5 ball pythons
  8 endoplasms
  2 giant cockroaches
  9 goblins
  10 hobgoblins
  5 jackals
  3 quokkas
  7 bats
  2 frilled lizards
  5 kobolds
  8 rats
96 creatures vanquished.

Notes
Turn   | Place    | Note
-------+----------+-------------------------------------------
     0 | D:1      | qw the Deep Elf Hunter began the quest for the Orb.
     0 | D:1      | Reached XP level 1. HP: 12/12 MP: 3/3
     0 | D:1      | 0 ||| qw: Version: 0.3-a-9-g12657ce
     0 | D:1      | 0 ||| qw: Game counter: 3355
     0 | D:1      | 0 ||| qw: Always use a shield: true
     0 | D:1      | 0 ||| qw: God list: Okawaru
     0 | D:1      | 0 ||| qw: Allow faded altars: false
     0 | D:1      | 0 ||| qw: Do Orc after D:15 true
     0 | D:1      | 0 ||| qw: Do second Lair branch before Depths: true
     0 | D:1      | 0 ||| qw: Lair rune preference: random
     0 | D:1      | 0 ||| qw: Plans: Normal
     0 | D:1      | 0 ||| PLANNING D:1-11
   366 | D:1      | Found Lajorin's Assorted Antiques.
   371 | D:1      | 371 ||| SHOPLISTING glowing leather armour (120 gold, have
                  | 50).
   371 | D:1      | 371 ||| BUYING scroll labelled HIDGHI TAGODI (24 gold).
   371 | D:1      | Bought a scroll labelled HIDGHI TAGODI for 24 gold pieces
   371 | D:1      | 371 ||| BUYING scroll labelled HIDGHI TAGODI (24 gold).
   371 | D:1      | Bought a scroll labelled HIDGHI TAGODI for 24 gold pieces
   371 | D:1      | 371 ||| SHOPLISTING scroll labelled ISCHUJ LA HEA (24 gold,
                  | have 2).
   371 | D:1      | 371 ||| SHOPLISTING scroll labelled YCSENL HUTS (24 gold,
                  | have 2).
   538 | D:1      | Reached skill level 6 in Ranged Weapons
   538 | D:1      | Reached XP level 2. HP: 16/16 MP: 4/4
   794 | D:1      | 794 ||| UPGRADING to +0 scale mail.
   804 | D:1      | 804 ||| DROPPING +0 leather armour.
   805 | D:1      | 805 ||| UPGRADING to +0 ring mail.
   815 | D:1      | 815 ||| DROPPING +0 scale mail.
   816 | D:1      | 816 ||| READING scroll labelled ISCHUJ LA HEA.
   821 | D:1      | 821 ||| READING 3 scrolls labelled HIDGHI TAGODI.
   822 | D:1      | 822 ||| READING 3 scrolls labelled RUAMUD BEACU.
   823 | D:1      | 823 ||| READING 2 scrolls of enchant weapon.
   823 | D:1      | 823 ||| ENCHANTING +1 shortbow.
   824 | D:1      | 824 ||| READING scroll of enchant weapon.
   824 | D:1      | 824 ||| ENCHANTING +2 shortbow.
   825 | D:1      | 825 ||| DRINKING 2 grey potions.
   826 | D:1      | 826 ||| READING 2 scrolls of identify.
   826 | D:1      | 826 ||| IDENTIFYING blue potion
   827 | D:1      | 827 ||| DROPPING scroll of butterflies.
   863 | D:2      | You fall into a shaft and drop 2 floors!
   875 | D:4      | HP: 4/16 [orc priest/divine providence (12)]
   884 | D:4      | Reached skill level 7 in Ranged Weapons
   884 | D:4      | Reached XP level 3. HP: 8/20 MP: 5/5
  1026 | D:2      | Reached XP level 4. HP: 25/25 MP: 6/6
  1376 | D:2      | Found a faded altar of an unknown god.
  1443 | D:2      | Reached skill level 8 in Ranged Weapons
  1470 | D:2      | 1470 ||| READING scroll labelled PIEBUU MODOCI.
  1471 | D:2      | 1471 ||| READING scroll labelled KOPPEO US USY.
  1472 | D:2      | 1472 ||| READING scroll labelled MIAVAHAKHLA.
  1473 | D:2      | 1473 ||| READING 3 scrolls of identify.
  1473 | D:2      | 1473 ||| IDENTIFYING sedimented puce potion
  1474 | D:2      | 1474 ||| READING 2 scrolls of identify.
  1474 | D:2      | 1474 ||| IDENTIFYING murky dark potion
  1475 | D:2      | 1475 ||| DROPPING potion of berserk rage.
  2177 | D:3      | Found a runed translucent door.
  2178 | D:3      | Noticed Crazy Yiuf
  2256 | D:3      | 2256 ||| UPGRADING to +0 cloak.
  2261 | D:3      | 2261 ||| DRINKING 3 bubbling red potions.
  2262 | D:3      | 2262 ||| READING 2 scrolls of identify.
  2262 | D:3      | 2262 ||| IDENTIFYING puce potion
  2263 | D:3      | 2263 ||| DROPPING potion of attraction.
  2264 | D:3      | 2264 ||| DROPPING 2 potions of brilliance.
  2342 | D:4      | Found Jeyn Meo's Antique Weapon Shop.
  2381 | D:4      | Reached XP level 5. HP: 29/29 MP: 7/7
  2535 | D:4      | Noticed an ogre
  2541 | D:4      | Killed an ogre
  2542 | D:4      | Reached skill level 9 in Ranged Weapons
  2542 | D:4      | Reached XP level 6. HP: 16/34 MP: 8/8
  3018 | D:4      | 3018 ||| UPGRADING to +2 ring mail of cold resistance.
  3028 | D:4      | 3028 ||| DROPPING +0 ring mail.
  3029 | D:4      | 3029 ||| DRINKING 4 fizzy golden potions.
  3044 | D:5      | Entered Level 5 of the Dungeon
  3052 | D:5      | 3052 ||| Stepping ~*~*~tactically~*~*~ (outnumbered).
  3061 | D:5      | 3061 ||| FLEEEEING.
  3066 | D:5      | 3066 ||| FLEEEEING.
  3067 | D:5      | 3067 ||| FLEEEEING.
  3068 | D:5      | 3068 ||| STAIRDANCE
  3084 | D:5      | 3084 ||| STAIRDANCE
  3092 | D:4      | Reached skill level 10 in Ranged Weapons
  3158 | D:5      | 3158 ||| STAIRDANCE
  3249 | D:5      | HP: 8/35 [black bear (4)]
  3250 | D:5      | 3250 ||| READING 3 scrolls of teleportation.
  3251 | D:5      | 3251 ||| DRINKING 3 potions of heal wounds.
  3253 | D:5      | 3253 ||| DRINKING 2 potions of heal wounds.
  3257 | D:5      | 3257 ||| Stepping ~*~*~tactically~*~*~ (outnumbered).
  3259 | D:5      | 3259 ||| Stepping ~*~*~tactically~*~*~ (outnumbered).
  3273 | D:5      | HP: 4/35 [gnoll/+0 flail[a gnoll bouda] (9)]
  3274 | D:5      | 3274 ||| READING 2 scrolls of teleportation.
  3274 | D:5      | Slain by a gnoll bouda

Levels and vault maps discovered:
D:1:      psy_arrival_radial01, layout_loops_corners, serial_shops,
          nicolae_diamond_shop
D:2:      minmay_skewed_foursquare, layout_rooms,
          dilly_ecumenical_altar_fadedgnrine
D:3:      cheibrodos_greedy_goblins, layout_loops_corners,
          uniq_crazy_yiuf_cottage
D:4:      layout_basic, serial_shops, nicolae_shop_overgrown_old_shop
D:5:      layout_cave_pools, serial_gnoll_camp, gnoll_camp_mini_sergeant,
          gnoll_camp_huts_basic, gnoll_camp_mini_loothouse,
          gnoll_camp_mini_house, minmay_pentangle, uniq_menkaure, uniq_eustachio

Skill      XL: |  1  2  3  4  5  6 |
---------------+-------------------+-----
Ranged Weapons | 6 7 8 9 10 | 10.0
Fighting       | 2 |  2.0
Dodging        | 4 |  4.1
Armour         | |  0.2
Stealth        | |  1.2

Action                     |  1- 3 |  4- 6 || total
---------------------------+-------+-------++-------
   Fire: Shortbow          |    49 |   169 ||   218
    Use: Scroll            |     6 |     8 ||    14
         Potion            |     1 |     4 ||     5
 Armour: Ring mail         |     7 |    38 ||    45
  Dodge: Dodged            |    10 |    59 ||    69

Table legend:
 A = Non-vault XP
 B = Vault XP
 C = Vault XP percentage of total XP
 D = Non-vault monster count
 E = Vault monster count
 F = Vault count percentage of total count
                 A         B        C        D         E       F
            +---------+---------+-------+---------+---------+-------
      Total |     606 |      75 |  11.0 |      84 |      12 |  12.5
            +---------+---------+-------+---------+---------+-------
        D:1 |      22 |       0 |   0.0 |      13 |       0 |   0.0
        D:2 |      55 |      21 |  27.6 |      23 |       4 |  14.8
        D:3 |      31 |      10 |  24.4 |      17 |       5 |  22.7
        D:4 |     324 |      15 |   4.4 |      23 |       1 |   4.2
        D:5 |     174 |      29 |  14.3 |       8 |       2 |  20.0
            +---------+---------+-------+---------+---------+-------
